[Event "2nd China Preliminary Asian Games 2022"]
[Site "HangZhou"]
[Date "2022.04.14"]
[Round "1.1"]
[White "Ding, Liren"]
[Black "Ma, Qun"]
[Result "1/2-1/2"]
[ECO "C67"]
[WhiteElo "2799"]
[BlackElo "2645"]
[Annotator "TA"]
[PlyCount "62"]
[EventDate "2022.04.13"]
[EventType "tourn"]
[EventCountry "CHN"]
[SourceTitle "playchess.com"]
[Source "ChessBase"]
[SourceQuality "1"]
[TimeControl "40/5400+30:1800+30"]

1. e4 e5 2. Nf3 Nc6 3. Bb5 Nf6 4. O-O Nxe4 5. Re1 Nd6 6. Nxe5 Be7 7. Bf1 Nxe5 8. Rxe5 O-O 9. d4 Bf6 10. Re1 {[%emt 0:00:07] The position is equal.} Re8 {[%emt 0:00:16] C67: Ruy Lopez: Berlin Defence: 4 0-0 Nxe4.} 11. c3 Rxe1 12. Qxe1 Ne8 13. Bf4 d5 14. Bd3 g6 15. Nd2 Ng7 16. Nf3 {[%emt 0:00:08] 16.Nf3 scores better than 16.Qe2.} c6 17. Qe2 Bf5 18. Bxf5 Nxf5 19. Re1 Ng7 20. Be5 Ne6 21. Bxf6 Qxf6 22. Ne5 Re8 23. Ng4 Qd8 24. Qe5 {[%emt 0:00:14] Hoping for Nf6+.} Ng7 25. Qxe8+ ({Don't blunder} 25. Nh6+ $2 Kf8 26. Nxf7 Rxe5 $19) 25... Nxe8 26. Rxe8+ {[%emt 0:00:03][%mdl 64] [#] Remove Defender} Qxe8 27. Nf6+ Kf8 28. Nxe8 Kxe8 29. f4 f5 30. Kf2 {[%emt 0:00:05] [#]} a5 $5 $146 {[%emt 0:00:02][%mdl 8] An interesting novelty.} ({Predecessor:} 30... Ke7) 31. a4 Ke7 {[%emt 0:00:12] A balanced but interesting game.  Weighted Error Value: White=0.03 (flawless) /Black=0.01 (flawless)} 1/2-1/2

[Event "2nd China Preliminary Asian Games 2022"]
[Site "HangZhou"]
[Date "2022.04.14"]
[Round "1.2"]
[White "Xu, Xiangyu"]
[Black "Bu, Xiangzhi"]
[Result "1/2-1/2"]
[ECO "D38"]
[WhiteElo "2564"]
[BlackElo "2700"]
[Annotator "TA"]
[PlyCount "60"]
[EventDate "2022.04.13"]
[EventType "tourn"]
[EventCountry "CHN"]
[SourceTitle "playchess.com"]
[Source "ChessBase"]
[SourceQuality "1"]
[TimeControl "40/5400+30:1800+30"]

1. d4 Nf6 2. c4 e6 3. Nf3 d5 4. Nc3 Bb4 5. Qa4+ Nc6 6. Bd2 {[%emt 0:00:06] D38: Queen's Gambit Declined: Ragozin Defence (4 Nf3 Bb4).} O-O 7. a3 $1 {[%emt 0:00:07][%mdl 4] is now more promising than 7.e3.} Bxc3 8. Bxc3 Ne4 9. e3 {[%emt 0:00:17] [#]} e5 $146 ({Predecessor:} 9... Re8 10. Rd1 Qd6 11. Qc2 b6 12. Bd3 Nxc3 13. Bxh7+ Kf8 14. Qxc3 g6 15. h4 Kg7 16. h5 Kxh7 17. hxg6+ Kxg6 {½-½ (41) Bazeev,G (2401)-Usmanov,V (2436) St Petersburg 2020}) 10. dxe5 (10. Nxe5 {is interesting.} Nxe5 11. dxe5 Qh4 12. Qc2) 10... Nxc3 11. bxc3 dxc4 12. Qxc4 Qe7 13. Be2 Nxe5 14. Nxe5 Qxe5 15. O-O c5 16. Bf3 Be6 17. Qa4 Qxc3 18. Bxb7 (18. Rac1 $5 Qe5 19. Bxb7 $11) 18... Bb3 (18... Rab8 $5 19. Qxa7 Qe5 $11) 19. Qb5 Rab8 {[%emt 0:00:21][%cal Ob3d5] And now ...Bd5! would win.} 20. Rfc1 (20. Rac1 $5 Bc2 21. Qa6 $11) 20... Bc2 $1 {[%emt 0:00:40] [#] The position is equal.} 21. Qe2 $1 {[%emt 0:06:08][%cal Ob7e4] Black must now prevent Be4!} Rxb7 22. Qxc2 Qxc2 23. Rxc2 $11 {[%emt 0:00:03][%mdl 4096] Endgame KRR-KRR} Rc8 24. g4 Kf8 25. Rac1 Rb3 26. Rxc5 Rxc5 27. Rxc5 {[%emt 0:00:06] [#] Rc8+ is the strong threat.} Rxa3 28. Rc7 g5 29. Kg2 Kg7 30. Kg3 a5 {[%emt 0:00:46] An even fight not without its subleties.  Weighted Error Value: White=0.05 (flawless) /Black=0.03 (flawless)} 1/2-1/2

[Event "2nd China Preliminary Asian Games 2022"]
[Site "HangZhou"]
[Date "2022.04.14"]
[Round "1.3"]
[White "Wei, Yi"]
[Black "Zhang, Zhong"]
[Result "1/2-1/2"]
[ECO "A29"]
[WhiteElo "2729"]
[BlackElo "2640"]
[Annotator "TA"]
[PlyCount "138"]
[EventDate "2022.04.13"]
[EventType "tourn"]
[EventCountry "CHN"]
[SourceTitle "playchess.com"]
[Source "ChessBase"]
[SourceQuality "1"]
[TimeControl "40/5400+30:1800+30"]

1. c4 {[%emt 0:00:12] Stohl,I} e5 2. Nc3 Nf6 3. Nf3 Nc6 4. g3 d5 5. cxd5 Nxd5 6. Bg2 Nb6 7. O-O Be7 8. a3 a5 9. d3 O-O 10. Be3 Be6 11. Rc1 a4 {[%emt 0:01:39] A29: English Opening: Four Knights Variation with 4 g3.} 12. Nd2 f5 13. Bxb6 cxb6 {[%emt 0:00:06] [#] White has an edge.} 14. Nc4 $146 ({Predecessor:} 14. Nxa4 Bg5 15. Nc3 e4 16. Kh1 Qd7 17. Rb1 Rad8 18. Nc4 Qf7 19. b3 exd3 20. exd3 {0-1 (43) Giri,A (2777)-Carlsen,M (2843) Shamkir 2018 CBM 184 [Stohl,I]}) 14... e4 (14... Bf6 {is more complex.} 15. e3 e4 16. Nb5 Qxd3 17. Qxd3 exd3 18. Nc7 Bxc4 19. Nxa8 Bb3) 15. Nb5 $1 Bxc4 16. dxc4 Qxd1 17. Rfxd1 Bf6 18. g4 g6 19. gxf5 gxf5 20. f3 Bg5 21. Rc3 Bf6 22. Rc2 Rad8 23. Rxd8 Rxd8 24. fxe4 Bd4+ 25. Kf1 Be3 26. Bh3 Rd1+ {[%emt 0:01:53][%mdl 1024] Black has compensation.} (26... fxe4 27. Kg2 $11) (26... f4 $5 27. Bf5 Kg7 $11) 27. Kg2 f4 {[%emt 0:00:11] ( -> ...Rg1+)} 28. Bf5 (28. Bc8 $11) 28... Kf7 (28... h5 $15) 29. Kh3 Kf6 30. Nc3 $2 {[%emt 0:01:49] [#]} (30. Bxh7 $11 Rd8 31. Kg2) 30... Rg1 (30... Re1 $1 $19 {aiming for ...Nd4.} 31. Nb5 (31. Nxa4 $2 Nd4 $19) (31. Bxh7 $2 Kg7 $19) 31... h5) 31. Nd5+ $15 (31. Bxh7 $2 Kg7 32. b4 (32. Bf5 $2 Nd4 $19) 32... axb3 $19) (31. Nxa4 Nd4 32. Rc3 Kg5 33. Rxe3 (33. Bxh7 $2 f3 $19) 33... fxe3 $19) 31... Kg5 $1 32. Bxh7 (32. Nxe3 $2 fxe3 33. Rc3 (33. Bxh7 $2 Nd4 $19) 33... Kf4 $19) 32... Nd4 33. e5 $1 Rg4 (33... Re1 $15 34. e6 (34. Nxe3 $2 fxe3 35. Kg2 Nxc2 $19) 34... Nxe6) 34. Nf6 ({White should play} 34. Bd3 $11) 34... Rh4+ 35. Kg2 f3+ 36. exf3 Nxc2 37. Bxc2 Rxc4 $11 {[%emt 0:00:16][%mdl 4096] Endgame KRB-KBN} 38. Be4 {[%emt 0:16:52] [#]} (38. Bd3 $1 $11 Rd4 39. h4+ Rxh4 40. Nd5) 38... Bd4 $1 $19 39. Nd7 Rc7 (39... Bxb2 $17 {...b5 is the strong threat.} 40. Nxb6 Rc1 41. h4+ Kxh4) 40. e6 $11 Bc5 41. h4+ (41. Nxc5 Rxc5 42. e7 (42. Bxb7 $2 Kf6 $19) 42... Re5 $17) 41... Kxh4 42. f4 Kg4 43. f5 Be7 44. Nxb6 {[%emt 0:05:08] &Bianco is more active.} (44. f6 $14 Rxd7 45. exd7 Bxf6 46. Bd3 (46. Bxb7 b5 $11)) 44... Kf4 45. Bd3 {[%emt 0:01:01] Black must now prevent Nd5+.} Rc5 {[%emt 0:03:06] Inhibits Nd5+.} 46. Kf2 ({Of course not} 46. Nxa4 Rd5 47. Bc4 (47. Bb1 $2 Rd2+ 48. Kh3 Bd6 $19) 47... Rd2+ 48. Kf1 Kxf5 $19) 46... Rxf5 47. Bxf5 Kxf5 {[%emt 0:00:03] KB-KN} 48. Ke3 Kxe6 ({Don't play} 48... Bc5+ 49. Kd3 Kxe6 50. Nxa4 $16) 49. Kd3 Bf6 50. Nxa4 Kd5 51. Nc3+ Kc6 52. a4 Be5 53. Kc4 Bg3 54. Nb5 Be1 55. b4 Kb6 56. Nd4 Ka6 57. Nc2 Bf2 58. Na3 Be1 59. Nb5 Bf2 60. Nd6 Be1 61. Kb3 Bg3 62. Ne4 Be1 63. Nc5+ Kb6 64. Kc4 Bd2 65. Nb3 Be1 66. a5+ Ka7 67. Kb5 $2 (67. b5 $11) 67... Bxb4 68. Kxb4 b6 69. axb6+ Kxb6 {[%emt 0:00:01][%mdl 32768] Weighted Error Value: White=0.27 (precise) /Black=0.13 (very precise) . An unexpected result.} 1/2-1/2

[Event "2nd China Preliminary Asian Games 2022"]
[Site "HangZhou"]
[Date "2022.04.15"]
[Round "2.1"]
[White "Ma, Qun"]
[Black "Zhang, Zhong"]
[Result "1-0"]
[ECO "D28"]
[WhiteElo "2645"]
[BlackElo "2640"]
[Annotator "TA"]
[PlyCount "83"]
[EventDate "2022.04.13"]
[EventType "tourn"]
[EventCountry "CHN"]
[SourceTitle "playchess.com"]
[Source "ChessBase"]
[SourceQuality "1"]
[TimeControl "40/5400+30:1800+30"]

1. d4 d5 2. c4 dxc4 3. e3 Nf6 4. Bxc4 e6 5. Nf3 c5 6. O-O Nc6 7. Nc3 a6 8. Qe2 Be7 9. Rd1 Qc7 10. dxc5 {[%emt 0:13:10] D28: Queen's Gambit Accepted: Classical main line: 7 Qe2 with early ...Nc6.} Bxc5 11. b3 O-O 12. Bb2 {[%emt 0:00:21] White is slightly better.} Rd8 13. Rxd8+ Qxd8 14. Rd1 {[%emt 0:00:16] [#]} Qc7 $146 ({Predecessor:} 14... Qe7 15. Ng5 b5 16. Bd3 Bb7 17. Nce4 Nxe4 18. Nxe4 Rd8 19. Qh5 f5 20. Nxc5 Qxc5 {½-½ (47) Rybak,J (1935)-Obukhov,G (1981) LSS email 2014}) 15. Ng5 Be7 16. Nce4 Nxe4 17. Nxe4 b5 18. Bd3 Bb7 19. Qh5 $40 {[%emt 0:17:30][%mdl 128] Black needs to defend precisely.} f5 20. Ng5 Bxg5 21. Qxg5 Rd8 22. h4 Qe7 23. Qg3 e5 {[%emt 0:00:00] Black is on the road to losing.} 24. Bc2 {[%emt 0:05:52] Hoping for Rxd8+. A strong pair of Bishops.} Rf8 (24... Rxd1+ $142 25. Bxd1 Bc8) 25. b4 $1 $16 Bc8 26. a3 Rf6 27. h5 {[%emt 0:03:08] &Bianco is more active.} Bd7 28. Rd5 Rd6 29. Rc5 Rh6 (29... Kf8 $142 30. Bc3 (30. Bxe5 Nxe5 31. Rxe5 Qf6 $18) 30... g6 31. hxg6 (31. Bxe5 Nxe5 32. Rxe5 Qf6 $16) 31... Rxg6) 30. Bb3+ Kh8 31. Bd5 f4 $2 (31... Qe8 32. Bf3 Qf8 33. Bxc6 Rxc6 34. Rxc6 (34. Bxe5 Kg8 $18) (34. Rxe5 Rd6 $18) 34... Bxc6 35. Qxe5 (35. Bxe5 Qf7 $18) 35... h6) 32. Qf3 Qe8 33. exf4 Nd4 34. Bxd4 ({Resist} 34. Qd1 $6 Qxh5 35. Qxh5 Rxh5 $18) 34... exd4 35. Be4 Rd6 36. Re5 Qc8 37. Bd3 Bc6 38. Qe2 Rf6 39. g3 h6 (39... Qh3 $2 40. Re8+ $1 Bxe8 41. Qxe8+) 40. Re7 Rf8 $2 (40... Qh3 $2 {[#] is a self mate.} 41. Re8+ $1 Bxe8 42. Qxe8+) (40... Kg8 {was called for.} 41. a4 Kf8) 41. Qe5 $1 $18 Rg8 {[%emt 0:02:26] [#]} (41... Rf6 $18 42. Be4 Kg8 43. Bh7+ Kh8) 42. Qf6 $3 {[%emt 0:01:53][%mdl 512] Weighted Error Value: White=0.17 (very precise) /Black=0.47} 1-0

[Event "2nd China Preliminary Asian Games 2022"]
[Site "HangZhou"]
[Date "2022.04.15"]
[Round "2.2"]
[White "Bu, Xiangzhi"]
[Black "Wei, Yi"]
[Result "1/2-1/2"]
[ECO "D38"]
[WhiteElo "2700"]
[BlackElo "2729"]
[Annotator "TA"]
[PlyCount "60"]
[EventDate "2022.04.13"]
[EventType "tourn"]
[EventCountry "CHN"]
[SourceTitle "playchess.com"]
[Source "ChessBase"]
[SourceQuality "1"]
[TimeControl "40/5400+30:1800+30"]

1. Nf3 Nf6 2. c4 e6 3. Nc3 d5 4. d4 Bb4 5. Bg5 h6 6. Bxf6 Qxf6 7. e3 O-O 8. Rc1 dxc4 9. Bxc4 c5 10. O-O cxd4 11. Nxd4 (11. Ne4 Qe7 12. a3 Ba5 13. Qxd4 Rd8 14. Qc5 Qxc5 15. Nxc5 Nd7 16. Nb3 Bb6 17. a4 Nf6 18. Be2 Ne8 19. a5 Bc7 20. Rc2 Kf8 21. Rfc1 Bd6 22. Nc5 b6 23. axb6 axb6 {½-½ (31) Bu,X (2718)-Wei,Y (2734) Hangzhou 2018}) 11... Bd7 {[%emt 0:00:18] D38: Queen's Gambit Declined: Ragozin Defence (4 Nf3 Bb4).} 12. Qb3 (12. Ne4 $5 Qe7 13. Qh5 $14 (13. a3 Ba5 $11)) 12... Nc6 {[%emt 0:00:07] The position is equal.} 13. Nxc6 Bxc3 14. Qxb7 Bxc6 15. Qxc6 Bxb2 {[%emt 0:01:23] [#] White must now prevent ...Rac8.} 16. Rc2 Ba3 {[%emt 0:01:47] [#]} 17. Bb3 $146 ({Predecessor:} 17. Be2 Rfd8 18. Qa4 Qe7 19. Rb1 Rab8 20. Rxb8 Rxb8 21. g3 g6 22. Qf4 Qb4 23. Qxb4 Bxb4 24. Rc7 a5 25. Kg2 Kg7 26. a4 h5 27. Bb5 Rd8 {½-½ (27) Sazon,A (2240)-Toca,A (2105) ICCF email 2016}) 17... Qe7 18. Rd1 Rad8 19. Rcd2 Rxd2 20. Rxd2 Rd8 21. Rxd8+ Qxd8 22. g3 g6 23. Kg2 Bf8 24. h4 h5 25. Bc4 a5 26. Bb3 Bg7 27. Bc4 Bf6 28. Bb3 Bg7 29. Bc4 Bf6 30. Bb3 Bg7 {[%emt 0:00:05] A balanced but interesting game.  Weighted Error Value: White=0.01 (flawless) /Black=0.00 (flawless)} 1/2-1/2

[Event "2nd China Preliminary Asian Games 2022"]
[Site "HangZhou"]
[Date "2022.04.15"]
[Round "2.3"]
[White "Ding, Liren"]
[Black "Xu, Xiangyu"]
[Result "1-0"]
[ECO "E51"]
[WhiteElo "2799"]
[BlackElo "2564"]
[Annotator "TA"]
[PlyCount "81"]
[EventDate "2022.04.13"]
[EventType "tourn"]
[EventCountry "CHN"]
[SourceTitle "playchess.com"]
[Source "ChessBase"]
[SourceQuality "1"]
[TimeControl "40/5400+30:1800+30"]

1. d4 Nf6 2. c4 e6 3. Nc3 Bb4 4. e3 O-O 5. Bd2 d5 6. Nf3 b6 7. cxd5 exd5 8. Bd3 {[%emt 0:00:06] E51: Nimzo-Indian: Rubinstein: 4...0-0 5 Nf3 d5.} Ba6 9. Bxa6 Nxa6 10. Qa4 {[%emt 0:13:23] The position is equal.} Qc8 11. O-O Qb7 12. Rac1 Rac8 13. Rfd1 {[%emt 0:15:13] [#]} Rfd8 $146 ({Predecessor:} 13... c6 14. Ne2 Be7 15. Ng3 Rfe8 16. Bc3 Bf8 17. Ne5 g6 18. b4 h5 19. f3 Nb8 {0-1 (68) Batsiashvili,N (2472)-Eljanov,P (2734) Douglas 2017}) 14. a3 Bxc3 15. Bxc3 Ne4 16. Be1 c5 17. dxc5 $1 bxc5 18. b4 c4 19. Nd4 $1 Nd6 20. Rb1 (20. f3 $16) 20... Re8 21. Qa5 Nc7 (21... c3 22. b5 Nc5 23. Qxc3 $16 (23. Bxc3 Nc4 $16)) 22. a4 c3 {[%emt 0:13:39] [#] A mistake that costs the game.} (22... a6 $14) 23. b5 $1 $18 (23. Bxc3 Nc4 24. Qc5 Na8 $15) 23... Ncxb5 (23... c2 $16 24. Nxc2 Nc4) 24. Rxb5 ({Avoid the trap} 24. Nxb5 $2 c2 25. Qxa7 Qxa7 26. Nxa7 cxb1=R 27. Rxb1 Rc7 $19) 24... Nxb5 25. axb5 Qc7 26. Qxc7 Rxc7 27. Rc1 Rc4 28. Kf1 ({But not} 28. Bxc3 Rec8) 28... a6 29. bxa6 Ra8 30. Ra1 c2 31. Bd2 Rc7 32. Ke2 Rca7 33. Ra5 Rxa6 34. Rxd5 Ra2 35. Rc5 f6 36. Nxc2 {[%emt 0:00:19] White has a decisive advantage.} ({Resist} 36. Rxc2 h5 37. Rxa2 Rxa2 $18) 36... R8a7 37. g4 Kf7 38. h4 Rb7 39. h5 g6 40. Kd3 Ra6 41. Bc3 {[%emt 0:00:55] Weighted Error Value: White=0.06 (flawless) /Black=0.22 (precise)} 1-0

[Event "2nd China Preliminary Asian Games 2022"]
[Site "HangZhou"]
[Date "2022.04.16"]
[Round "3.1"]
[White "Wei, Yi"]
[Black "Ding, Liren"]
[Result "1/2-1/2"]
[ECO "C48"]
[WhiteElo "2729"]
[BlackElo "2799"]
[Annotator "TA"]
[PlyCount "60"]
[EventDate "2022.04.13"]
[EventType "tourn"]
[EventCountry "CHN"]
[SourceTitle "playchess.com"]
[Source "ChessBase"]
[SourceQuality "1"]
[TimeControl "40/5400+30:1800+30"]

1. e4 e5 2. Nf3 Nc6 3. Nc3 Nf6 4. Bb5 Nd4 5. Bc4 Bc5 6. Nxe5 Qe7 {[%emt 0:00:05] C48: Four Knights: 4 Bb5, replies other than 4...Bb4.} 7. Nf3 (7. Bxf7+ Kf8 8. Nd3 (8. f4 $2 d6 $19) 8... Kxf7 $17) (7. Nxf7 Rf8 8. O-O b5 9. Nxb5 (9. Nd5 Nxd5 10. Bxd5 c6 $11) 9... Nxb5 $11) 7... d5 (7... Nxe4 8. Nd5 Nxf3+ 9. gxf3 $16 (9. Qxf3 Ng5+ 10. Qe3 Qxe3+ 11. Nxe3 O-O $11)) 8. Bxd5 {[%emt 0:00:07] 8.Nxd5 is the hot move.} Bg4 {[%emt 0:00:12] White has an edge.} 9. d3 ({Not} 9. Bxb7 Rb8 10. Ba6 Nxe4 $19) 9... O-O-O 10. Be3 Nxd5 11. Nxd5 Rxd5 12. exd5 {[%emt 0:00:04] Strongly threatening c3.} Re8 $1 13. O-O (13. c3 Nxf3+ 14. gxf3 Qh4 15. Kd2 Rxe3 16. fxe3 Qf2+ 17. Kc1 Bxf3 18. Qe1 Bxe3+ 19. Kb1 Bxh1 20. Qxh1 Qe2 21. a4 Qxd3+ 22. Ka2 Qc4+ 23. Kb1 {½-½ (23) Wei,Y (2736)-Ding,L (2805) Abidjan 2019}) 13... Bxf3 14. gxf3 {[%emt 0:02:08] [#] Hoping for Re1.} Bd6 {[%emt 0:02:24] White must now prevent ...Qh4.} 15. f4 $1 (15. Bxd4 Qg5+ 16. Kh1 Qf4) 15... Qh4 $1 16. Bxd4 Bxf4 {[%emt 0:03:23][%csl Gf4][%cal Rh4h2] The position is equal.} 17. Kg2 (17. h3 Qxh3) 17... Qxh2+ 18. Kf3 {[%emt 0:00:09] [#]} Qh3+ $146 ({Predecessor:} 18... Qh5+) 19. Kxf4 Qh2+ $1 20. Kf3 (20. Kg5 {gets mated.} f6+ 21. Kg4 f5+ 22. Kg5 Qh6+ 23. Kxf5 Rf8+) 20... Qh3+ 21. Kf4 Qh2+ $1 22. Kf5 (22. Kg5 {is a self mate.} f6+ 23. Kg4 f5+ 24. Kg5 Qh6+ 25. Kxf5 Rf8+) 22... g6+ 23. Kg4 $1 Qg2+ 24. Kh4 Qh2+ 25. Kg4 $1 Qg2+ 26. Kh4 Qh2+ 27. Kg4 $1 Qg2+ 28. Kh4 Qh2+ 29. Kg4 $1 Qg2+ 30. Kh4 {[%emt 0:00:39] [#] And now Qg4+ would win.} Qh2+ {[%emt 0:00:00] Weighted Error Value: White=0.02 (flawless) /Black=0.00 (flawless)} 1/2-1/2

[Event "2nd China Preliminary Asian Games 2022"]
[Site "HangZhou"]
[Date "2022.04.16"]
[Round "3.1"]
[White "Xu, Xiangyu"]
[Black "Ma, Qun"]
[Result "*"]
[ECO "C48"]
[WhiteElo "2564"]
[BlackElo "2645"]
[Annotator "RC"]
[PlyCount "43"]
[EventDate "2022.04.13"]
[EventType "tourn"]
[EventCountry "CHN"]
[SourceTitle "playchess.com"]
[Source "ChessBase"]
[SourceQuality "1"]
[TimeControl "40/5400+30:1800+30"]

1. e4 e5 2. Nf3 Nc6 3. Nc3 Nf6 4. Bb5 Nd4 5. Bc4 Bc5 6. Nxe5 Qe7 7. Nf3 d5 8. Bxd5 Bg4 9. d3 O-O-O 10. Be3 Nxd5 11. Nxd5 Rxd5 12. exd5 Re8 13. O-O Bxf3 14. gxf3 Bd6 15. f4 Qh4 16. Bxd4 Bxf4 17. Kg2 Qxh2+ 18. Kf3 Qh3+ 19. Kxf4 Qh2+ 20. Kf3 Qh3+ 21. Kf4 Qh2+ 22. Kf5 *

[Event "2nd China Preliminary Asian Games 2022"]
[Site "HangZhou"]
[Date "2022.04.16"]
[Round "3.2"]
[White "Wei, Yi"]
[Black "Ding, Liren"]
[Result "*"]
[ECO "D41"]
[WhiteElo "2729"]
[BlackElo "2799"]
[Annotator "TA"]
[PlyCount "55"]
[EventDate "2022.04.13"]
[EventType "tourn"]
[EventCountry "CHN"]
[SourceTitle "playchess.com"]
[Source "ChessBase"]
[SourceQuality "1"]
[TimeControl "40/5400+30:1800+30"]

1. d4 d5 2. c4 e6 3. Nc3 Nf6 4. cxd5 Nxd5 5. e4 Nxc3 6. bxc3 c5 7. Nf3 cxd4 8. cxd4 Bb4+ 9. Bd2 Bxd2+ 10. Qxd2 O-O 11. Bc4 Nd7 12. O-O b6 13. Rad1 Bb7 14. Rfe1 {[%emt 0:00:05] The position is equal.} Rc8 {[%emt 0:00:05] D41: Queen's Gambit Declined: Semi-Tarrasch with 5 cxd5.} 15. Bb3 Re8 16. h3 h6 17. Re3 Nf6 18. Qe2 Qc7 19. Ne5 b5 20. Ng4 Nxg4 21. hxg4 Qf4 {[%emt 0:00:04] [#] An interesting draw.  Weighted Error Value: White=0.00 (flawless) /Black=0.00 (flawless)} {Predecessor:} 22. Re1 $146 a6 23. d5 exd5 24. exd5 Rxe3 25. Qxe3 Qxe3 26. Rxe3 Rd8 27. d6 Rxd6 28. Re8+ {½-½ (34) Gukesh,D (2640)-Praggnanandhaa,R (2618) Riga 2021} *

[Event "2nd China Preliminary Asian Games 2022"]
[Site "HangZhou"]
[Date "2022.04.16"]
[Round "3.2"]
[White "Xu, Xiangyu"]
[Black "Ma, Qun"]
[Result "1/2-1/2"]
[ECO "D41"]
[WhiteElo "2564"]
[BlackElo "2645"]
[Annotator "TA"]
[PlyCount "67"]
[EventDate "2022.04.13"]
[EventType "tourn"]
[EventCountry "CHN"]
[SourceTitle "playchess.com"]
[Source "ChessBase"]
[SourceQuality "1"]
[TimeControl "40/5400+30:1800+30"]

1. d4 d5 2. c4 e6 3. Nc3 Nf6 4. cxd5 Nxd5 5. e4 Nxc3 6. bxc3 c5 7. Nf3 cxd4 8. cxd4 Bb4+ 9. Bd2 Bxd2+ 10. Qxd2 O-O 11. Bc4 Nd7 12. O-O b6 13. Rad1 Bb7 14. Rfe1 Rc8 {[%emt 0:00:05] D41: Queen's Gambit Declined: Semi-Tarrasch with 5 cxd5.} 15. Bb3 Re8 16. h3 h6 17. Re3 Nf6 18. Qe2 Qc7 19. Ne5 b5 20. Ng4 Nxg4 21. hxg4 Qf4 {[%emt 0:00:04] [#]} 22. Qxb5 $146 ({Predecessor:} 22. Re1 a6 23. d5 exd5 24. exd5 Rxe3 25. Qxe3 Qxe3 26. Rxe3 Rd8 27. d6 Rxd6 28. Re8+ {½-½ (34) Gukesh,D (2640)-Praggnanandhaa,R (2618) Riga 2021}) 22... Bxe4 23. Qe5 (23. d5 {feels hotter.} Red8 24. dxe6 Rxd1+ 25. Bxd1 fxe6 26. Qd7) 23... Qxe5 {[%emt 0:00:56] The position is equal.} 24. dxe5 Bc2 25. Rd7 a5 26. Ra7 Bxb3 27. Rxb3 $11 {[%emt 0:00:11][%mdl 4096] Endgame KRR-KRR} Rc5 28. Ra3 Rxe5 29. R3xa5 Re2 30. a4 Ra2 31. g3 Rd8 {[%emt 0:00:38] [#] ...Rd1+ is the strong threat.} 32. Ra8 Rxa8 33. Rxa8+ Kh7 34. Kg2 {[%emt 0:03:35] Weighted Error Value: White=0.03 (flawless) /Black=0.02 (flawless)} 1/2-1/2

[Event "2nd China Preliminary Asian Games 2022"]
[Site "HangZhou"]
[Date "2022.04.16"]
[Round "3.3"]
[White "Zhang, Zhong"]
[Black "Bu, Xiangzhi"]
[Result "1/2-1/2"]
[ECO "C78"]
[WhiteElo "2640"]
[BlackElo "2700"]
[Annotator "TA"]
[PlyCount "62"]
[EventDate "2022.04.13"]
[EventType "tourn"]
[EventCountry "CHN"]
[SourceTitle "playchess.com"]
[Source "ChessBase"]
[SourceQuality "1"]
[TimeControl "40/5400+30:1800+30"]

1. e4 e5 2. Nf3 Nc6 3. Bb5 a6 4. Ba4 Nf6 5. O-O Bc5 6. c3 b5 7. Bc2 d5 {[%emt 0:00:12] C78: Ruy Lopez: Archangelsk and Möller Defences.} 8. d4 {[%emt 0:01:16] Threatens to win with exd5.} dxe4 9. Nbd2 exf3 {[%emt 0:00:40] The position is equal.} 10. Qxf3 Be7 {[%emt 0:00:14] ...Bd7 is the strong threat.} ({Resist} 10... e4 11. Nxe4 (11. Bxe4 Nxe4 12. Qxe4+ Be7 $16) 11... Bxd4 12. cxd4 $18) 11. Qxc6+ Bd7 12. Qf3 exd4 13. Ne4 O-O 14. Rd1 {[%emt 0:01:06] 14.Rd1 has become a bit dusty these days.} c5 15. Bg5 Re8 {[%emt 0:00:33] And now ...Nxe4 would win.} 16. Bxf6 {[%emt 0:05:04][%mdl 64] [#] Deflection} Bxf6 17. Nxc5 Bc6 18. Qxc6 {[%emt 0:09:27] Hoping for Nd7.} Rc8 {[%emt 0:01:50] [#]} 19. Qxa6 Rxc5 20. g3 Qc8 21. Qxc8 Rexc8 22. Bb3 dxc3 23. bxc3 {[%emt 0:00:13] [#]} Rxc3 $146 ({Predecessor:} 23... Bxc3 24. Rac1 Kf8 25. Rd7 R8c7 26. Rcd1 Rxd7 27. Rxd7 f5 28. Rf7+ Ke8 29. Rb7 Kd8 {½-½ (35) Arjun,K (2406)-Lampert,J (2514) Douglas 2017}) 24. Rab1 R8c7 {[%emt 0:10:07] Inhibits Rd7.} 25. Rd5 b4 26. Rbd1 {[%emt 0:07:02][%cal Od5d8] White threatens Rd8+! and mate.} Rc1 27. Rxc1 Rxc1+ 28. Kg2 Rc7 {[%emt 0:00:05] Against Rd7} 29. Rb5 {[%emt 0:04:57] Threatening mate with Rb8+.} Be7 $1 30. Rb8+ Bf8 31. f4 g6 {[%emt 0:00:13] Weighted Error Value: White=0.02 (flawless) /Black=0.01 (flawless)} 1/2-1/2

[Event "2nd China Preliminary Asian Games 2022"]
[Site "HangZhou"]
[Date "2022.04.17"]
[Round "4.1"]
[White "Bu, Xiangzhi"]
[Black "Ding, Liren"]
[Result "*"]
[WhiteElo "2700"]
[BlackElo "2799"]
[Annotator "TA"]
[PlyCount "32"]
[EventDate "2022.04.13"]
[EventType "tourn"]
[EventCountry "CHN"]
[SourceTitle "playchess.com"]
[Source "ChessBase"]
[SourceQuality "1"]
[TimeControl "40/5400+30:1800+30"]

1. e4 c5 2. c3 d5 3. exd5 Qxd5 4. d4 Nf6 5. Nf3 {[%emt 0:00:11] [#] An uneventful encounter.} {Predecessor:} e6 $146 6. Na3 {B22: Sicilian: 2 c3.} a6 7. Nc4 Nbd7 8. Be2 b5 9. Ne3 Qc6 10. O-O Bb7 11. a4 b4 12. Ne5 Nxe5 13. dxe5 Rd8 14. Qb3 Nd7 15. Bf3 Qc7 16. Bxb7 Qxb7 {1-0 (40) Mamedyarov,S (2770)-Vachier Lagrave,M (2760) chess24.com INT 2021} *